 Dungeon Crawl Stone Soup version 0.30-a0-347-gf58ed5266c (webtiles) character file.

Game seed: 16493325576767748405

25 themarg the Covered (level 2, -1/27 HPs)
             Began as an Armataur Fighter on Nov 6, 2022.
             Succumbed to a goblin's poison
             ... on level 1 of the Dungeon.
             The game lasted 00:03:35 (974 turns).

themarg the Covered (Armataur Fighter)               Turns: 974, Time: 00:03:35

Health: -1/27      AC:  6    Str: 21    XL:     2   Next: 86%
Magic:  2/2        EV:  7    Int:  8    God:
Gold:   60         SH:  4    Dex:  9    Spells: 1/1 levels left

rFire   . . .      SeeInvis .    a - +0 rapier
rCold   . . .      Faith    .    c - +0 buckler
rNeg    . . .      Spirit   .    b - +0 scale mail
rPois   .          Reflect  .    (no helmet)
rElec   .          Harm     .    (no cloak)
rCorr   .          Roll     +    (no gloves)
Will    .....                    (no barding)
Stlth   ..........               (no amulet)
HPRegen 0.24/turn                (no ring)
MPRegen 0.08/turn                (no ring)

@: mighty, lethally poisoned (-1 -> -10)
A: large, rugged brown scales 3, deformed body, armoured tail, roll, long
tongue, awkward tongue
a: no special abilities


You were on level 1 of the Dungeon.
You visited 1 branch of the dungeon, and saw 2 of its levels.

You collected 60 gold pieces.

Inventory:

Hand Weapons
 a - a +0 rapier (weapon)
Missiles
 e - 14 stones (quivered)
Armour
 b - a +0 scale mail (worn)
 c - a +0 buckler (worn)
 f - a +0 chain mail
Scrolls
 g - a scroll of butterflies {unknown}
 h - a scroll of teleportation {unknown}
 i - a scroll of summoning {unknown}


   Skills:
 * Level 3.2 Fighting
 + Level 2.1 Short Blades
 - Level 3.6 Armour
 + Level 1.3 Stealth
 - Level 3.2 Shields


You had one spell level left.
You didn't know any spells.
Your spell library was empty.

Dungeon Overview and Level Annotations

Branches:
Dungeon (2/15)

Altars:

Annotations:
D:2 Robin


Innate Abilities, Weirdness & Mutations

You are completely covered in rugged brown scales. (AC +3, +7% HP)
Armour fits poorly on your strangely shaped body.
You have a long armoured tail.
You roll when moving toward enemies. (Rampage)
Your long tongue fully drains potion bottles. (2x potion effects)
Your tongue gives you trouble enunciating. (1.5x scroll delay)


Message History

There is an open door here.
There is an open door here.
You now have 60 gold pieces (gained 14).
Done exploring.
Okay, then.
Okay, then.
There is a stone staircase leading down here.
You climb downwards.
The goblin shouts! x8; You hear a shout!
Found 12 gold pieces.
There is a stone staircase leading up here.
The goblin hits you with a +0 dagger.
Robin roars a battlecry!
The goblins go into a battle-frenzy!
You climb upwards.
There is a stone staircase leading down here.
You hit the goblin but do no damage.
Your tail-slap misses the goblin.
The goblin hits you with a +0 dagger of venom.
The goblin hits you with a +0 dagger.
You slurp down every last drop of the potion of might!
You feel very mighty all of a sudden. The goblin barely misses you.
The goblin hits you with a +0 dagger.
You barely miss the goblin.
Your tail-slap misses the goblin.
The goblin hits you with a +0 dagger of venom.
* * * LOW HITPOINT WARNING * * *
You are lethally poisoned!
The goblin hits you but does no damage.
You barely miss the goblin.
* * * LOW HITPOINT WARNING * * *
You feel very sick. The goblin hits you but does no damage.
You are more poisoned.
The goblin hits you with a +0 dagger.
* * * LOW HITPOINT WARNING * * *
You closely miss the goblin.
* * * LOW HITPOINT WARNING * * *
You feel sick. The goblin closely misses you. You block the goblin's attack.
You puncture the goblin!
You kill the goblin!
You die...

#..........))...#.#.#
#.####.#.#####..#.#.#
#.# #.#.# #..#.#.#
####.####.#.# #..#.#.#
#.......#.#.# #..#.#.#
#.###.#.#.#.#####....#.#
#.###.#.................
#.....#.)..............#
#######@g...............
#.......##########
###+#.............
#.#############.
#.#...........#.
#.##.########'#' #.##.#
#.... ##'##'### #....
#.......# #....


You could see a goblin (strong).

Vanquished Creatures
  A ball python (D:1)
  2 endoplasms (D:1)
  4 goblins (D:1)
  3 hobgoblins (D:1)
  2 jackals (D:1)
  3 kobolds (D:1)
  3 quokkas (D:1)
  A frilled lizard (D:1)
  3 rats (D:1)
22 creatures vanquished.

Notes
Turn   | Place    | Note
-------+----------+-------------------------------------------
     0 | D:1      | themarg the Armataur Fighter began the quest for the Orb.
     0 | D:1      | Reached XP level 1. HP: 19/19 MP: 1/1
   195 | D:1      | Reached XP level 2. HP: 27/27 MP: 2/2
   309 | D:1      | Reached skill level 1 in Stealth
   966 | D:2      | Noticed Robin
   973 | D:1      | HP: 1/27 [poisoned by a goblin]
   974 | D:1      | Succumbed to a goblin's poison

Illustrated notes

Levels and vault maps discovered:
D:1:      eino_arrival_tree_alley, layout_basic, minmay_misc_feat_enclosed
D:2:      layout_basic, grunt_decor_clamped, minmay_strange_pillars,
          uniq_natasha, uniq_robin

Skill      XL: |  1  2 |
---------------+-------+-----
Fighting       | 3 |  3.2
Short Blades   | 2 |  2.1
Stealth        | 1 |  1.3
Armour         | |  3.6
Shields        | |  3.2

Action                   || total
-------------------------++-------
Melee: Rapier            ||    92
       Tailslap          ||     8
  Use: Potion            ||     1
Armor: Scale mail        ||    33
Dodge: Dodged            ||    31
Block: Buckler           ||    15

Table legend: (Time is in decaauts)
 A = Elapsed time spent in this place.
 B = Non-inter-level travel time spent in this place.
 C = Inter-level travel time spent in this place.
 D = Time resting spent in this place.
 E = Time spent auto-exploring this place.
 F = Levels seen in this place.
 G = Mean time per level.
                   A        B        C        D        E       F      G
               +--------+--------+--------+--------+--------+-----+--------+
         Total |    986 |    976 |     10 |      0 |    774 |   2 |  493.0 |
       Dungeon |    986 |    976 |     10 |      0 |    774 |   2 |  493.0 |
               +--------+--------+--------+--------+--------+-----+--------+

Top non-repeatable levels by time:
     D:1: 984 daAuts
     D:2: 1 daAuts
